 Dungeon Crawl Stone Soup version 0.27-a0-1217-g8a41f320e8 (webtiles) character file.

Game seed: 14970121324018818642

1444 bilbop the Basher (level 8, -2/71 HPs)
             Began as a Minotaur Berserker on June 6, 2021.
             Was a Priest of Trog.
             Succumbed to a killer bee's poison
             ... on level 6 of the Dungeon.
             The game lasted 00:25:04 (6130 turns).

bilbop the Basher (Minotaur Berserker)              Turns: 6130, Time: 00:25:04

Health: -2/71      AC:  8    Str: 27    XL:     8   Next: 46%
Magic:  9/10       EV: 11    Int:  5    God:    Trog [***...]
Gold:   243        SH:  0    Dex:  9    Spells: 7/7 levels left

rFire    . . .     SeeInvis .   a - +3 club (spect)
rCold    . . .     Faith    .   (no shield)
rNeg     + . .     Spirit   .   B - +1 ring mail of the Gravedigger {Rampage rCorr Str+3}
rPois    .         Reflect  .   (helmet restricted)
rElec    .         Harm     .   (no cloak)
rCorr    +         Rampage  +   d - +0 pair of gloves
Will     +....                  (no boots)
Stlth    ..........             (no amulet)
HPRegen  0.21/turn              h - ring of willpower
MPRegen  0.12/turn              z - ring of positive energy

@: lethally poisoned (-2 -> -18), on berserk cooldown, slowed, studying Staves,
very slow
A: horns 2, retaliatory headbutt
a: Renounce Religion, Berserk, Trog's Hand


You were on level 6 of the Dungeon.
You worshipped Trog.
Trog was most pleased with you.
You visited 1 branch of the dungeon, and saw 6 of its levels.
You also visited: Ossuary.

You collected 243 gold pieces.

Inventory:

Hand Weapons
 a - a +3 spectral club (weapon)
 b - a +0 hunting sling
 i - a +0 mace
 n - a +0 whip
 u - a +0 whip
Missiles
 j - 35 sling bullets
 l - 36 bolts
Armour
 d - a +0 pair of gloves (worn)
 f - a +0 scale mail
 m - a +0 chain mail
 q - a +0 animal skin
 B - the +1 ring mail of the Gravedigger (worn) {Rampage rCorr Str+3}
   (You found it on level 4 of the Dungeon)

   It affects your strength (+3).
   It protects you from acid and corrosion.
   It bestows one free step when moving towards enemies.
Jewellery
 h - a ring of willpower (left hand)
 z - a ring of positive energy (right hand)
 A - a ring of resist corrosion
 I - a ring of willpower
 K - a +6 ring of dexterity
Wands
 x - a wand of flame (40)
Scrolls
 c - a scroll of torment {unknown}
 k - 2 scrolls of magic mapping {unknown}
 o - 2 scrolls of enchant weapon {unknown}
 v - 2 scrolls of amnesia {unknown}
 w - 3 scrolls of identify {unknown}
 y - a scroll of teleportation {unknown}
 D - a scroll of blinking {unknown}
 E - 2 scrolls of holy word {unknown}
 H - 2 scrolls of silence {unknown}
 J - 2 scrolls of enchant armour {unknown}
 L - a scroll of vulnerability {unknown}
Potions
 e - a potion of heal wounds {unknown}
 g - 2 potions of resistance {unknown}
 p - a potion of lignification {unknown}
 r - 5 potions of might {unknown}
 s - 3 potions of curing
 t - 2 potions of mutation {unknown}
 C - a potion of invisibility {unknown}
 F - 2 potions of cancellation {unknown}
 G - a potion of berserk rage {unknown}
 M - a potion of ambrosia {unknown}
 N - a potion of brilliance {unknown}


   Skills:
 + Level 6.4 Fighting
 * Level 8.3 Maces & Flails
 + Level 3.8 Slings
 + Level 5.5 Armour
 - Level 2.1 Dodging
 + Level 4.1 Invocations


You had 7 spell levels left.
You didn't know any spells.
Your spell library was empty.

Dungeon Overview and Level Annotations

Branches:
Dungeon (6/15)            Ossuary (visited)
 Temple: D:4-7

Altars:

Shops:
D:2 =

Annotations:
D:3 1 runed translucent door, pablusdiablus's ghost, amateur GnWn
D:5 1 runed translucent door, Crazy Yiuf


Innate Abilities, Weirdness & Mutations

You have a pair of horns on your head.
You reflexively headbutt those who attack you in melee.


Message History

The killer bee poisons you! The killer bee stings you.
* * * LOW HITPOINT WARNING * * *
You are lethally poisoned!
The killer bee poisons you!
You bludgeon the killer bee!!
You kill the killer bee!
Trog accepts your kill.
* * * LOW HITPOINT WARNING * * *
You feel very sick. The killer bee stings you.
* * * LOW HITPOINT WARNING * * *
You are more poisoned.
The killer bee poisons you!
You hit the killer bee.
The killer bee is almost dead.
Your spectral weapon hits the killer bee!
You kill the killer bee!
Trog accepts your kill.
* * * LOW HITPOINT WARNING * * *
You feel very sick.
Okay, then.
You are too berserk!
You are too berserk!
* * * LOW HITPOINT WARNING * * *
You feel very sick.
You see here a killer bee corpse.
You are too berserk!
You feel a strong urge to attack something.
* * * LOW HITPOINT WARNING * * *
You feel very sick.
* * * LOW HITPOINT WARNING * * *
You feel very sick.
You feel your anger nearly subside.
* * * LOW HITPOINT WARNING * * *
You feel very sick.
You are too berserk!
You are no longer berserk.
You are exhausted.
You feel yourself slow down.
You die...

### #. #.# +.
..#########.# #.
####.##.@..)<..#
..#.....#.########
.##.#..#.#
......#†####### ..#
#.......†.....# ....
#......†.......
.....#<.............
.....................
.....##..............


There were no monsters in sight!

Vanquished Creatures
  A wraith (Ossuary)
  A yak (D:4)
  Edmund (D:5)
  A sky beast (D:5)
  A bullfrog (D:4)
  An elf skeleton (D:5)
  A scorpion (D:5)
  5 killer bees (D:6)
  2 human zombies
  A centaur skeleton (D:5)
  A hound (D:5)
  An orc priest (D:4)
  Jessica (D:2)
  2 bullfrog skeletons (D:5)
  2 human skeletons (D:5)
  An orc wizard (D:4)
  A hound zombie (D:4)
  A hound skeleton (D:4)
  3 mummies (Ossuary)
  5 adders
  3 gnolls (D:5)
  A shadow imp (D:6)
  An ufetubus (D:5)
  2 worms
  2 dart slugs
  6 orcs
  9 ball pythons
  2 endoplasms
  3 giant cockroaches
  2 goblins
  9 hobgoblins
  6 jackals
  7 kobolds
  3 quokkas
  9 bats
  6 frilled lizards
  5 goblin zombies (Ossuary)
  2 hobgoblin zombies (Ossuary)
  2 kobold zombies (Ossuary)
  2 orc skeletons (D:5)
  8 rats
123 creatures vanquished.

Notes
Turn   | Place    | Note
-------+----------+-------------------------------------------
     0 | D:1      | bilbop the Minotaur Berserker began the quest for the Orb.
     0 | D:1      | Reached XP level 1. HP: 19/19 MP: 0/0
     6 | D:1      | Noticed a swamp worm
     6 | D:1      | Noticed a black bear
     6 | D:1      | Noticed an eight-headed hydra
     6 | D:1      | Noticed a water moccasin
   204 | D:1      | Reached skill level 4 in Maces & Flails
   204 | D:1      | Reached XP level 2. HP: 24/27 MP: 1/1
   231 | D:1      | Found a faded altar of an unknown god.
   691 | D:1      | Reached skill level 1 in Invocations
   880 | D:1      | Reached XP level 3. HP: 33/33 MP: 2/2
  1216 | D:2      | Reached ** piety under Trog
  1475 | D:2      | Found Neowkoss's Jewellery Shoppe.
  1919 | D:2      | Noticed Jessica
  1926 | D:2      | Killed Jessica
  1927 | D:2      | Reached XP level 4. HP: 23/40 MP: 2/4
  2455 | D:3      | Found a runed translucent door.
  2460 | D:3      | Noticed pablusdiablus's ghost (amateur GnWn)
  2904 | D:4      | Noticed a bullfrog
  2910 | D:4      | Killed a bullfrog
  2911 | D:4      | Reached skill level 5 in Maces & Flails
  2911 | D:4      | Reached XP level 5. HP: 47/47 MP: 5/5
  3061 | D:4      | Reached skill level 1 in Slings
  3321 | D:4      | Noticed a yak
  3328 | D:4      | Reached *** piety under Trog
  3337 | D:4      | Killed a yak
  3338 | D:4      | Reached skill level 5 in Fighting
  3338 | D:4      | Reached skill level 6 in Maces & Flails
  3338 | D:4      | Reached XP level 6. HP: 30/56 MP: 6/6
  3722 | D:4      | Identified the +1 ring mail of the Gravedigger {Rampage
                  | rCorr Str+3}
  3725 | D:4      | Identified the +2 robe of Lucidity {Int+2 SInv Stlth+}
  3892 | D:5      | Entered Level 5 of the Dungeon
  3960 | D:5      | Noticed Edmund
  3965 | D:5      | Killed Edmund
  3966 | D:5      | Reached XP level 7. HP: 48/61 MP: 8/8
  4118 | D:5      | Found a sand-covered staircase.
  4128 | Ossuary  | Entered an ossuary
  4128 | Ossuary  | Noticed a wraith
  4128 | Ossuary  | Noticed a wraith
  4128 | Ossuary  | Noticed a wraith
  4289 | Ossuary  | Noticed a wraith
  4304 | Ossuary  | HP: 2/61 [wraith (12)]
  4306 | Ossuary  | Killed a wraith
  4307 | Ossuary  | Reached skill level 7 in Maces & Flails
  4907 | D:5      | Reached skill level 5 in Armour
  5284 | D:5      | Reached XP level 8. HP: 69/70 MP: 9/9
  5505 | D:5      | Found a runed translucent door.
  5506 | D:5      | Noticed Crazy Yiuf
  6050 | D:6      | Reached skill level 8 in Maces & Flails
  6128 | D:6      | HP: 4/106 [poisoned by a killer bee]
  6130 | D:6      | Succumbed to a killer bee's poison

Illustrated notes

Levels and vault maps discovered:
D:1:      onia_arrival_zoo_common, layout_loops_ring, serial_forest,
          infiniplex_forest_clump_curved, infiniplex_forest_corner_2,
          infiniplex_forest_end_3, infiniplex_forest_end_2,
          infiniplex_forest_clump_tiny, infiniplex_forest_end_2,
          infiniplex_forest_zigzag_2, hellmonk_ecumenical_altar_run_dry,
          corexii_item_surrounded_by_moat, grunt_decor_clamped, minivault_27
D:2:      layout_basic, serial_shops, shop, uniq_jessica
D:3:      layout_basic, ebering_ghost_reflecting_pool
D:4:      layout_loops_ring, minmay_manual_moon
D:5:      layout_loops_ring, nicolae_ossuary_entry_catacombs,
          uniq_crazy_yiuf_cottage, uniq_edmund
D:6:      layout_basic, grunt_temple_overflow_cloverleaf, gammafunk_ghost_hive,
          minmay_crossroads

Skill      XL: |  1  2  3  4  5  6  7  8 |
---------------+-------------------------+-----
Maces & Flails | 4 5 6 7 8 |  8.3
Invocations    | 1 2 3 4 |  4.1
Fighting       | 4 5 6 |  6.4
Armour         | 3 4 5 |  5.5
Slings         | 1 2 3 |  3.8
Dodging        | |  2.1

Action                   |  1- 3 |  4- 6 |  7- 9 || total
-------------------------+-------+-------+-------++-------
Melee: Mace              |    60 |       |       ||    60
       Headbutt          |    11 |    16 |    28 ||    55
       Whip              |    10 |       |       ||    10
       Club              |       |    85 |   133 ||   218
Invok: Berserk           |       |       |     2 ||     2
       Trog's Hand       |       |       |     1 ||     1
  Use: Potion            |       |       |     1 ||     1
Armor: Animal skin       |     7 |       |       ||     7
       Scale mail        |    19 |       |       ||    19
       Chain mail        |     2 |    41 |       ||    43
       Ring mail         |       |     1 |    40 ||    41
Dodge: Dodged            |    38 |    42 |    62 ||   142

Table legend: (Time is in decaauts)
 A = Elapsed time spent in this place.
 B = Non-inter-level travel time spent in this place.
 C = Inter-level travel time spent in this place.
 D = Time resting spent in this place.
 E = Time spent auto-exploring this place.
 F = Levels seen in this place.
 G = Mean time per level.
                   A        B        C        D        E       F      G
               +--------+--------+--------+--------+--------+-----+--------+
         Total |   6167 |   5897 |    270 |   1081 |   3691 |   7 |  881.0 |
       Dungeon |   5472 |   5202 |    270 |    907 |   3673 |   6 |  912.0 |
       Ossuary |    694 |    694 |      0 |    174 |     18 |   1 |  694.0 |
               +--------+--------+--------+--------+--------+-----+--------+

Top non-repeatable levels by time:
     D:5: 1458 daAuts
     D:1: 1219 daAuts
     D:4: 1015 daAuts
     D:2: 978 daAuts
 Ossuary: 694 daAuts
     D:3: 688 daAuts
     D:6: 112 daAuts
